 Dungeon Crawl Stone Soup version 0.29.1-2-gbd0b4ee654 (webtiles) character file.

Game seed: 2312094551583336317

42 LustLizard the Insei (level 3, -1/27 HPs)
             Began as a Demigod Transmuter on Dec 1, 2022.
             Slain by an orc
             ... wielding a +2 flail of protection
              (6 damage)
             ... on level 3 of the Dungeon.
             The game lasted 00:05:34 (2504 turns).

LustLizard the Insei (Demigod Transmuter)           Turns: 2504, Time: 00:05:35

Health: -1/27      AC:  4    Str: 11    XL:     3   Next: 17%
Magic:  6/8        EV: 12    Int: 19    God:
Gold:   145        SH:  0    Dex: 14    Spells: 4/6 levels left

rFire   . . .      SeeInvis .   i - +0 short sword
rCold   . . .      Faith    .   (no shield)
rNeg    . . .      Spirit   .   a - +0 robe
rPois   .          Reflect  .   h - +0 helmet
rElec   .          Harm     .   (no cloak)
rCorr   .          Rampage  .   (no gloves)
Will    +....                   g - +0 pair of boots
Stlth   +.........              (no amulet)
HPRegen 0.09/turn               l - ring of willpower
MPRegen 0.11/turn               (no ring)

@: no status effects
A: high MP 1, forlorn, divine attributes
a: no special abilities


You were on level 3 of the Dungeon.
You visited 1 branch of the dungeon, and saw 3 of its levels.

You collected 145 gold pieces.

Inventory:

Hand Weapons
 i - a +0 short sword (weapon)
Armour
 a - a +0 robe (worn)
 g - a +0 pair of boots (worn)
 h - a +0 helmet (worn)
 j - a +0 leather armour
Jewellery
 l - a ring of willpower (left hand)
Scrolls
 c - a scroll of teleportation {unknown}
 d - 2 scrolls of brand weapon {unknown}
 e - a scroll of enchant weapon {unknown}
 n - 3 scrolls of magic mapping {unknown}
 q - a scroll of identify {unknown}
 s - a scroll of vulnerability {unknown}
Potions
 b - 2 potions of lignification
 f - a potion of might {unknown}
 k - a potion of curing {unknown}
 m - 2 potions of flight {unknown}
 o - a potion of berserk rage {unknown}
 p - 2 potions of brilliance {unknown}
 r - a potion of haste {unknown}


   Skills:
 - Level 0.8 Fighting
 - Level 1.7 Dodging
 * Level 3.2 Unarmed Combat
 + Level 2.1 Spellcasting
 + Level 0.4 Conjurations
 * Level 2.5 Transmutations


You had 4 spell levels left.
You knew the following spells:

 Your Spells              Type           Power      Damage    Failure   Level
a - Beastly Appendage     Tmut           22%        N/A       6%          1
b - Magic Dart            Conj           12%        1d3       14%         1

Your spell library contained the following spells:

 Spells                   Type           Power      Damage    Failure   Level
 Wereblood                Tmut           11%        N/A       9%          2
 Call Imp                 Summ           1%         N/A       26%         2
 Spider Form              Tmut/Pois      6%         N/A       30%         3
 Mephitic Cloud           Conj/Pois/Air  2%         N/A       43%         3
 Ice Form                 Ice/Tmut       6%         N/A       69%         4


Dungeon Overview and Level Annotations

Branches:
Dungeon (3/15)

Shops:
D:2 :

Annotations:
D:2 Robin, Sigmund


Innate Abilities, Weirdness & Mutations

You have an increased reservoir of magic. (+10% MP)
You shall have no god before yourself.
Your divine heritage dramatically boosts your attributes as you level up.


Message History

The orc completely misses you. x2; The orc barely misses you.
You hit the orc. You claw the orc.
You kill the orc!
The orc barely misses you. The orc misses you.
You barely miss the orc. Your kick misses the orc.
The orc is lightly wounded.
Your horns disappear.
Your talons disappear.
Your +0 helmet unmelds from your body.
Your +0 pair of boots unmelds from your body.
The orc hits you with a +2 flail of protection.
The orc hits you with a +0 dagger.
You hit the orc but do no damage.
The orc is lightly wounded.
The orc hits you with a +2 flail of protection.
The orc completely misses you.
You barely miss the orc.
The orc is lightly wounded.
The orc barely misses you. x2
You barely miss the orc.
The orc is lightly wounded.
The orc hits you with a +2 flail of protection.
The orc closely misses you.
The orc hits you with a +2 flail of protection.
The orc hits you with a +0 dagger.
You closely miss the orc.
The orc is lightly wounded.
The orc barely misses you. The orc hits you with a +0 dagger.
You hit the orc but do no damage.
The orc is lightly wounded.
The orc barely misses you. The orc misses you.
You hit the orc but do no damage.
The orc is lightly wounded.
The orc hits you with a +2 flail of protection.
* * * LOW HITPOINT WARNING * * *
The orc hits you with a +0 dagger.
* * * LOW HITPOINT WARNING * * *
You hit the orc.
The orc is heavily wounded.
The orc hits you with a +2 flail of protection.
You die...

#######..
#..<.....####........
#.............#####.#
...###.........#.....##..#
....#.#................#.##
......................>..##
..........................###
#.........................##.
#.##..#...o@................
#.........)o.............##.
#...........................
#...........................
#.................###..##...
#..........#.......###......
####..#.#######.#...###.).#.
#..#.# #.......#.....
###..#.# ###.#.#...#..


You could see 2 orcs.

Vanquished Creatures
  A dart slug (D:2)
  An orc (D:3)
  5 endoplasms
  2 giant cockroaches (D:1)
  A goblin (D:1)
  5 hobgoblins (D:1)
  3 kobolds
  2 quokkas
  5 ball pythons
  5 bats
  A frilled lizard (D:2)
  6 rats
37 creatures vanquished.

Notes
Turn   | Place    | Note
-------+----------+-------------------------------------------
     0 | D:1      | LustLizard the Demigod Transmuter began the quest for the
                  | Orb.
     0 | D:1      | Reached XP level 1. HP: 15/15 MP: 5/5
   255 | D:1      | Reached skill level 3 in Unarmed Combat
   255 | D:1      | Reached XP level 2. HP: 6/22 MP: 7/7
   603 | D:1      | Learned a level 1 spell: Magic Dart
  1757 | D:2      | Found Boha's Book Shoppe.
  1759 | D:2      | Noticed Robin
  1771 | D:2      | Reached XP level 3. HP: 27/27 MP: 6/8
  1903 | D:2      | Noticed Sigmund
  2504 | D:3      | Slain by an orc

Illustrated notes

Levels and vault maps discovered:
D:1:      nicolae_arrival_somewhat_less_tricky_arrival, layout_loops_cross,
          shapermc_ecumenical_altar_flowoftime, kennysheep_nondescript,
          minmay_misc_feat_secret_circle
D:2:      layout_rooms, serial_shops, nicolae_diamond_shop, uniq_robin,
          uniq_sigmund
D:3:      layout_rooms, uniq_grinder

Skill      XL: |  1  2 |
---------------+-------+-----
Transmutations | 2 |  2.5
Unarmed Combat | 3 |  3.2
Spellcasting   | 2 |  2.1
Fighting       | |  0.8
Dodging        | |  1.7
Conjurations   | |  0.4

Action                   || total
-------------------------++-------
Melee: Unarmed           ||    39
       Kick              ||    13
       Headbutt          ||    11
       Short sword       ||    39
 Cast: Beastly Appendage ||    21
       Magic Dart        ||    41
 Stab: Sleeping          ||     1
Armor: Robe              ||    24
Dodge: Dodged            ||    58
